Cogmind - Beta 11 @@@ ROGUE MODE // 2022.04.10 @ 15:03:25 Player: Nicolas Result: Destroyed by G-47 Trooper with Particle Gun Performance ------------- Evolutions (1) 500 Regions Visited (4) 800 Robots Destroyed (41) 205 Value Destroyed (1141) 1141 Prototype IDs (2) 40 Alien Tech Used (0) 0 Bonus (111) 111 TOTAL SCORE: 2797 Bonus ------- High Alert Combat Kills 206 Friendly Fire -95 Cogmind --------- Core Integrity 0/400 Matter 150/300 Energy 131/265 System Corruption 6% Temperature Cool (9) Movement Walking (120) Location -9/Storage Parts ------- > --- POWER (2) -------- Improved Ion Engine > --- PROPULSION (2) --- Aluminum Leg Aluminum Leg > --- UTILITY (3) ------ (None) > --- WEAPON (2) ------- Improved Assault Rifle > --- INVENTORY (5) ---- (None) Peak State ------------ > --- POWER ------------ Deuterium Engine Deuterium Engine > --- PROPULSION ------- Aluminum Leg Aluminum Leg > --- UTILITY ---------- Heat Sink Small Storage Unit Light Armor Plating > --- WEAPON ----------- Improved Heavy Laser Mini Grenade Launcher > --- INVENTORY -------- Light Ion Engine Improved Ion Engine Deuterium Engine Deuterium Engine Light Assault Rifle [Rating: 20] Favorites ----------- Power Deuterium Engine Engine Deuterium Engine Propulsion Aluminum Leg Leg Aluminum Leg Utility Small Storage Unit Device Heat Sink Storage Small Storage Unit Processor Improved Targeting Computer Protection Light Armor Plating Weapon Mini Grenade Launcher Energy Gun Medium Laser Ballistic Gun Light Assault Rifle Launcher Mini Grenade Launcher Build | -11 -10 -10 -9 -9 ------- Run | Scr Mat Min Mat Sto Slots Evolved 2 | . . . 2 . Power 1 | . . . 1 . Propulsion . | . . . . . Utility 1 | . . . 1 . Weapon . | . . . . . Parts Attached 41 | 7 2 6 9 17 Power 11 | 1 . 1 5 4 Engine 11 | 1 . 1 5 4 Core . | . . . . . Reactor . | . . . . . Propulsion 12 | 2 . 2 . 8 Treads . | . . . . . Leg 12 | 2 . 2 . 8 Wheel . | . . . . . Hover . | . . . . . Flight . | . . . . . Utility 7 | 1 1 2 2 1 Device 3 | . . 2 1 . Storage 1 | 1 . . . . Processor 1 | . . . . 1 Hackware . | . . . . . Protection 2 | . 1 . 1 . Artifact . | . . . . . Weapon 11 | 3 1 1 2 4 Energy Gun 4 | 1 1 1 . 1 Energy Cannon . | . . . . . Ballistic Gun 6 | 2 . . 2 2 Ballistic Cannon . | . . . . . Launcher 1 | . . . . 1 Special Weapon . | . . . . . Impact Weapon . | . . . . . Slashing Weapon . | . . . . . Piercing Weapon . | . . . . . Special Melee Weapon . | . . . . . Unidentified Prototypes 2 | . . . . 2 Parts Lost 22 | . . 4 3 15 Power 5 | . . 1 . 4 Propulsion 5 | . . 1 . 4 Utility 6 | . . 1 1 4 Weapon 6 | . . 1 2 3 Highest Loss Streak 9 | . . 4 2 9 To Critical Strikes . | . . . . . Average Slot Usage (%) 92 | . 90 96 94 90 Engine 17 | . 14 12 22 20 Leg 22 | . 28 26 22 19 Device 6 | . . 2 15 8 Storage 12 | . 14 14 11 10 Protection 7 | . 5 10 4 8 Energy Gun 10 | . 14 16 5 7 Ballistic Gun 8 | . 14 11 13 3 Launcher 4 | . . . . 9 Naked Turns 1 | . . . . 1 Heaviest Build 33 | 12 15 15 29 33 Greatest Support 23 | 20 20 20 20 23 Greatest Overweight (x) 9 | 3 . 1 1 9 Average Overweight (x) . | . . . . 1 Largest Inventory Capacity 8 | 8 8 8 8 8 Average Capacity 7 | 7 8 8 8 7 Most Carried 7 | 2 3 5 6 7 Average Carried 3 | 1 2 4 1 4 Final Capacity 8 | 8 8 8 8 5 Final Carried 4 | 2 3 3 4 . Class Distribution -------------------- 56% | Mutant 43% | Scavenger-Mutant Dominant Class ---------------- Mutant | -10/Materials Mutant | -10/Mines Scavenger-Mutant | -9/Materials Scavenger-Mutant | -9/Storage Resources | -11 -10 -10 -9 -9 ----------- Run | Scr Mat Min Mat Sto Matter Collected 792 | 270 15 171 68 268 Remotely . | . . . . . Salvage Created 1099 | . 51 245 95 708 Parts 77 | . 5 18 12 42 Haulers Intercepted . | . . . . . Recyclers Shooed 2 | . . 1 . 1 Parts Field Recycled . | . . . . . Retrieved Matter . | . . . . . Parts Self-Destructed . | . . . . . Prevented . | . . . . . Kills | -11 -10 -10 -9 -9 ------- Run | Scr Mat Min Mat Sto Combat Hostiles Destroyed 36 | . 3 9 4 20 Guns 20 | . 3 9 4 4 AOE 16 | . . . . 16 Classes Destroyed 11 | . 1 2 1 7 Worker 1 | . . . . 1 Builder 1 | . . . . 1 Tunneler 1 | . . 1 . . Recycler 1 | . . . . 1 Mechanic 1 | . . . . 1 Swarmer 12 | . 3 6 3 . Grunt 13 | . . 3 . 10 Brawler 4 | . . . . 4 Duelist 1 | . . . . 1 Protector 1 | . . . . 1 Sentry 5 | . . . 1 4 Best Kill Streak 8 | . 3 3 3 8 Combat Bots Only 8 | . 3 3 3 8 Max Kills in Single Turn 3 | . 1 2 1 3 Gunslinging 1 | . . 1 . . Exploded 3 | . . . . 3 Melee . | . . . . . Uniques/NPCs Destroyed . | . . . . . Combat | -11 -10 -10 -9 -9 -------- Run | Scr Mat Min Mat Sto Damage Taken 2432 | . 21 650 398 1363 Core 512 | . . 103 58 351 Absorbed by Shields . | . . . . . Core Remaining (%) 79 | 100 . 58 . . Volleys Fired 113 | . 5 41 23 44 Largest 2 | . 2 2 1 2 Hottest 95 | . 60 90 20 95 Shots Fired 183 | . 10 79 23 71 Gun 156 | . 10 79 23 44 Cannon . | . . . . . Launcher 27 | . . . . 27 Special . | . . . . . Kinetic 86 | . 5 37 23 21 Thermal 63 | . . 40 . 23 Explosive 27 | . . . . 27 Electromagnetic 7 | . 5 2 . . Robot Hit Streak 16 | . 2 5 8 16 Robot Miss Streak 3 | . 1 2 1 3 Penetration Max . | . . . . . Secondary Targets 3 | . . 3 . . Max Gunslinging Chain 1 | . . 1 . . Shots Hit Robots 104 | . 5 30 19 50 Core Hits 71 | . 3 13 7 48 Critical Kills . | . . . . . Critical Parts Destroyed . | . . . . . Critical Strikes 4 | . . 3 . 1 Burn 4 | . . 3 . 1 Melee Attacks . | . . . . . Impact . | . . . . . Slashing . | . . . . . Piercing . | . . . . . Sneak Attacks . | . . . . . Combat Hostiles . | . . . . . Follow-up Attacks . | . . . . . Damage Inflicted 2931 | . 62 397 155 2317 Guns 1100 | . 62 397 155 486 Cannons . | . . . . . Explosions 1831 | . . . . 1831 Melee . | . . . . . Ramming . | . . . . . Kinetic 536 | . 39 185 155 157 Thermal 511 | . . 182 . 329 Explosive 1831 | . . . . 1831 Electromagnetic 53 | . 23 30 . . Impact . | . . . . . Slashing . | . . . . . Piercing . | . . . . . Highest Corruption 6 | . . . . 6 Average Corruption 5 | . . . . 5 Corruption Purged . | . . . . . Corruption Blocked . | . . . . . Effects 1 | . . . . 1 Data Loss (minor) 1 | . . . . 1 Overload Shots . | . . . . . Overflow Damage 99 | . . . . 99 Projectiles . | . . . . . Explosions 99 | . . . . 99 Melee . | . . . . . Knockbacks . | . . . . . Impact . | . . . . . Kinetic . | . . . . . Secondary . | . . . . . Self-Inflicted Damage 426 | . . . . 426 Shots 12 | . . . . 12 Rammed . | . . . . . Targets Rammed . | . . . . . Kicked . | . . . . . Crushed . | . . . . . Highest Temperature 317 | . . 251 19 317 Average Temperature 104 | . . 109 7 100 Received Heat Transfer 720 | . . 282 99 339 Effects 2 | . . . . 2 Interference 2 | . . . . 2 Siege Activations . | . . . . . Robots Corrupted . | . . . . . Combat Hostiles . | . . . . . Parts Fried . | . . . . . Impact Corruptions . | . . . . . Robots Melted . | . . . . . Combat Hostiles . | . . . . . Parts Melted 2 | . . 2 . . Heat Transferred 1332 | . . 777 . 555 Parts Sabotaged . | . . . . . Parts Stolen . | . . . . . Parts Stripped . | . . . . . Power Chain Reactions . | . . . . . Missiles Intercepted . | . . . . . Alert | -11 -10 -10 -9 -9 ------- Run | Scr Mat Min Mat Sto Peak Influence 748 | . 70 207 90 748 Initial 37 | . . 27 2 37 Average 218 | . 52 171 60 380 Maximum Alert Level 3 | . . 1 . 3 Low Security (%) 65 | 100 100 83 100 27 Level 1 16 | . . 16 . 29 Level 2 13 | . . . . 33 Level 3 4 | . . . . 10 Level 4 . | . . . . . Level 5 . | . . . . . High Security . | . . . . . Max Security . | . . . . . Squads Dispatched 6 | . . . . 6 Investigation . | . . . . . Extermination . | . . . . . Reinforcement 1 | . . . . 1 Assault 3 | . . . . 3 Garrison 2 | . . . . 2 Intercept . | . . . . . Searches Triggered . | . . . . . Construction Impeded 1 | . . . . 1 Haulers Reinforced . | . . . . . Active Scanning Responses . | . . . . . Cargo Convoy Interrupts . | . . . . . Stealth | -11 -10 -10 -9 -9 --------- Run | Scr Mat Min Mat Sto Distress Signals 2 | . . . 1 1 Communications Jammed . | . . . . . Distress Signals . | . . . . . Times Spotted 44 | . 3 9 7 25 Peak Tracking Total 7 | . 3 3 4 7 Tactical Retreats . | . . . . . Traps | -11 -10 -10 -9 -9 ------- Run | Scr Mat Min Mat Sto Traps Triggered 1 | . . . . 1 Indirectly . | . . . . . Trap Hack Attempts . | . . . . . Triggered . | . . . . . Disarmed . | . . . . . Reprogrammed . | . . . . . Reused . | . . . . . Traps Extracted . | . . . . . Installed . | . . . . . Triggered . | . . . . . Machines | -11 -10 -10 -9 -9 ---------- Run | Scr Mat Min Mat Sto Machines Disabled 8 | . . . . 8 Max in Single Turn 2 | . . . . 2 Machines Sabotaged . | . . . . . Garrisons Compromised . | . . . . . Overloaded Fab Kills . | . . . . . Hacking | -11 -10 -10 -9 -9 --------- Run | Scr Mat Min Mat Sto Machines Accessed 1 | . . . . 1 Terminals 1 | . . . . 1 Fabricators . | . . . . . Repair Stations . | . . . . . Recycling Units . | . . . . . Scanalyzers . | . . . . . Garrison Access . | . . . . . Total Hacks 1 | . . . . 1 Successful 1 | . . . . 1 Failed . | . . . . . Catastrophic . | . . . . . Database Lockouts . | . . . . . Manual . | . . . . . Terminals 1 | . . . . 1 Fabricators . | . . . . . Repair Stations . | . . . . . Recycling Units . | . . . . . Scanalyzers . | . . . . . Garrison Access . | . . . . . Terminal Hacks 1 | . . . . 1 Open Door 1 | . . . . 1 Fabricator Hacks . | . . . . . Repair Station Hacks . | . . . . . Recycling Unit Hacks . | . . . . . Scanalyzer . | . . . . . Garrison Access Hacks . | . . . . . Unauthorized Hacks . | . . . . . Terminals . | . . . . . Fabricators . | . . . . . Repair Stations . | . . . . . Recycling Units . | . . . . . Scanalyzers . | . . . . . Garrison Access . | . . . . . Data Cores Recovered . | . . . . . Used . | . . . . . Hacking Detections . | . . . . . Full Trace Events . | . . . . . Feedback Events . | . . . . . Feedback Blocked . | . . . . . Robot Schematics Acquired . | . . . . . Robots Built . | . . . . . Authchips . | . . . . . Time . | . . . . . Total Robot Build Rating . | . . . . . Part Schematics Acquired . | . . . . . Parts Built . | . . . . . Authchips . | . . . . . Time . | . . . . . Total Part Build Rating . | . . . . . Parts Repaired . | . . . . . Time . | . . . . . Parts Recycled . | . . . . . Recycled Matter . | . . . . . Retrieved Matter . | . . . . . Retrieved Components . | . . . . . Parts Scanalyzed . | . . . . . Part Schematics Acquired . | . . . . . Parts Damaged . | . . . . . Bothacking | -11 -10 -10 -9 -9 ------------ Run | Scr Mat Min Mat Sto Used RIF Installer . | . . . . . Robots Hacked . | . . . . . Non-combat . | . . . . . Combat . | . . . . . Robot Hacks Applied . | . . . . . Relay Couplers Released . | . . . . . Fabnet Peak Effective % . | . . . . . Robots Rewired . | . . . . . Allies Hacked . | . . . . . Hacks Repelled . | . . . . . Allies | -11 -10 -10 -9 -9 -------- Run | Scr Mat Min Mat Sto Total Allies 2 | . . . . 2 Largest Group 2 | . . . . 2 Highest-Rated Group 62 | . . . . 62 Highest-Rated Ally 31 | . . . . 31 Total Orders . | . . . . . Ally Attacks 4 | . . . . 4 Total Damage 42 | . . . . 42 Kills . | . . . . . Allies Corrupted 1 | . . . . 1 Allies Melted . | . . . . . Intel | -11 -10 -10 -9 -9 ------- Run | Scr Mat Min Mat Sto Robot Analysis Total . | . . . . . Derelict Logs Recovered . | . . . . . Drone Launches . | . . . . . Drone Recoveries . | . . . . . Exploration | -11 -10 -10 -9 -9 ------------- Run | Scr Mat Min Mat Sto Turns Passed 1385 | 58 133 403 232 559 Spaces Moved 644 | 36 95 191 114 208 Core 12 | 8 . . . 4 Treads . | . . . . . Legs 632 | 28 95 191 114 204 Wheels . | . . . . . Hover . | . . . . . Flight . | . . . . . Fastest Speed 50 | 50 120 120 120 120 Average Speed 152 | 130 120 120 151 201 Slowest Speed 500 | 200 120 190 190 500 Overloaded Moves . | . . . . . Propulsion Burnouts . | . . . . . Robots Hopped . | . . . . . Cave-ins Triggered . | . . . . . Exploration Rate (%) 27 | 3 21 53 9 53 Regions Visited 4 Branch Regions 2 Pre-discovered Areas . | . . . . . Known Exits Taken . | . . . . . Unknown Exits Taken 4 | 1 1 1 1 . Scrap Searched 1 | . . 1 . . Spaces Dug . | . . . . . Terrain Destroyed 150 | . . . . 150 Melee . | . . . . . Projectile 6 | . . . . 6 AOE 144 | . . . . 144 Terrain Rammed . | . . . . . Walls Destroyed . | . . . . . Machines Disabled . | . . . . . Actions | -11 -10 -10 -9 -9 --------- Run | Scr Mat Min Mat Sto Total 863 | 43 103 284 154 279 Wait 48 | . 1 43 1 3 Move 640 | 35 94 190 113 208 Hop . | . . . . . Pick Up 12 | 1 1 3 4 3 Fast Attach 13 | 6 1 1 2 3 Attach 13 | . . 3 3 7 Detach . | . . . . . Swap 15 | 1 1 2 4 7 Drop 9 | . . 1 4 4 Fire 113 | . 5 41 23 44 Melee . | . . . . . Ram . | . . . . . Kick . | . . . . . Crush . | . . . . . Escape Stasis . | . . . . . Rewire . | . . . . . Trap . | . . . . . Miscellaneous . | . . . . . Route ------- -11/Scrapyard -10/Materials -10/Mines -9/Materials -9/Storage (discovered 1 exit: [*Mat]) History --------- Turn | Location | Event 11 | -11/Scrapyard | Discovered new exit (range 16) 59 | -11/Scrapyard | Entered Materials 169 | -10/Materials | Discovered new exit (range 14) 192 | -10/Materials | Entered Mines 316 | -10/Mines | Build established: Mutant 407 | -10/Mines | Excavation squad dispatched 407 | -10/Mines | A large section of the Mines collapsed 543 | -10/Mines | Lost 4 parts (1p1n1u1w) 588 | -10/Mines | Discovered new exit (range 7) 595 | -10/Mines | Entered Materials 595 | -9/Materials | Evolved 2 slots: Power x1, Utility x1 635 | -9/Materials | Discovered new exit (range 15) 827 | -9/Materials | Entered Storage 883 | -9/Storage | Build established: Scavenger-Mutant 1184 | -9/Storage | Garrison activated, responded to threat 1227 | -9/Storage | First assault squad dispatched 1253 | -9/Storage | Discovered new exit (range 16) 1277 | -9/Storage | Lost 4 parts (1p1n2u) 1318 | -9/Storage | Met a pair of Derelict thieves 1341 | -9/Storage | Core integrity fell below 50% 1343 | -9/Storage | Garrison activated, responded to threat 1367 | -9/Storage | Core integrity fell below 20% 1386 | -9/Storage | Destroyed by G-47 Trooper with Particle Gun Last Messages --------------- 01348_ G-34 Mercenary destroyed. 01348_ I-25 Savior destroyed. 01350_ Mni. Grenade Launcher destroyed. 01356_ Deuterium Engine destroyed. 01357_ L-31 Rogue destroyed. 01358_ Imp. Aluminum Leg destroyed. 01359_ Deuterium Engine destroyed. 01359_ System corrupted by crushing effect (+3). 01364_ Imp. Targeting Computer destroyed. 01364_ Sml. Storage Unit destroyed. 01364_ System corrupted by crushing effect (+1). 01364_ System corrupted by crushing effect (+2). 01367_ B-36 Bruiser destroyed. 01374_ System corrupted: Component data lost. 01374_ U-05 Engineer lays Concrete. 01374_ Lgt. Assault Rifle destroyed. 01374_ U-05 Engineer lays Concrete. 01384_ Acquired Prototype Ballistic Gun. 01384_ Identified Imp. Assault Rifle. 01384_ U-05 Engineer lays Concrete. Map ----- +----------------------------------------------------+ | #?? % #???????????????? | | ??? ##???????????????? | | ## # #???????????????? | | ????????????????? | | # ?????????????????? | | # #??????????????????? | | / +??????????????????? | | # #??????????????????? | | # #??????????????????? | | # #??????????????????? | | # ###########????????? | | # ### ##???????? | | ##### #???????? | | ??### #???????? | | ??# # = *[ ###??????? | | ?# ### ## # * ##?????? | | # % = ! #?????? | | # [* ##?????? | | # %! #??????? | | # " " " # #??????? | | # " """ # ###??????? | | # #????????? | | ### " " ####### #????????? | | ??##"G"#??????# #??######? | | ???#"""???????# ####*!%u#? | | ??????#???????# ##T#%uu@#? | | ??????????????# + "=%! #? | | ??????????????# #!%%%=g=#? | | ??????????????+ #=!"=*= #? | | ??????????????# # # ==#? | | ??????????????# < #########? | | ??????????????# #????????? | | ??????????????#####????????? | | ???????????????????????????? | | ???????????????????????????? | | ???????????????????????????? | | ???????????????????????????? | | ???????????????????????????? | | ???????????????????????????? | | ???????????????????????????? | | ???????????????????????????? | | | | | | | | | | | | | | | | | | | +----------------------------------------------------+ Best States ------------- Heat Dissipation 38 Energy Generation 23 Energy Capacity 450 Matter Stores 300 Matter Capacity 300 Sight Range 16 Terrain Scan Range 16 Terrain Scan Density 10 Armor Coverage 150 Evasion (%) 55 Targeting Accuracy 6 Item Schematics ----------------- None Robot Schematics ------------------ None Fabricated ------------ Nothing Alien Tech Used ----------------- None Achievements -------------- None Challenges ------------ None Game ------ Seed SurveybotFireCompressor Manual? 0 Play Time 00:21:51 Cumulative 4.9 hours Start 2022.04.03 @ 16:06:20 End 2022.04.10 @ 15:03:25 Sessions 3 Manual Loads 0 Difficulty Rogue Special Mode None Game No. 18 Rogue 18 Adventurer 0 Explorer 0 Win Type - Total 0 Types 0/0/0/0/0/0/0/0/0 Lore% 2 Gallery% 9 Achievement% 10 Wizard Run 0 Options --------- ASCII 0 Keyboard 0 Movement Numpad Keybinds 0 Fullscreen 1 Font 18/SmallcapsGlow Map View 76x50 Tactical HUD 1 Map Filters NONE Filters NONE Steam 1 RUN: 2461550d-6309-41b5-b7e4-d0f7843b490a